 Dungeon Crawl Stone Soup version 0.23-a0-402-g64599a10a2 (webtiles) character file.

1748 Holzbalken the Basher (level 8, 0/61 HPs)
             Began as a Demonspawn Gladiator on Nov 4, 2018.
             Was an Initiate of Qazlal.
             Killed by divine providence
             ... invoked by an orc priest
              (13 damage)
             ... on level 6 of the Dungeon.
             The game lasted 00:17:20 (5463 turns).

Holzbalken the Basher (Demonspawn Gladiator)        Turns: 5463, Time: 00:17:22

Health: 0/61       AC: 13    Str: 17    XL:     8   Next: 78%
Magic:  8/8        EV:  7    Int: 10    God:    Qazlal [......]
Gold:   350        SH:  4    Dex: 14    Spells: 7/7 levels left

rFire    . . .     SeeInvis .   B - +3 flail (protect)
rCold    . . .     Gourm    .   (no shield)
rNeg     + . .     Faith    .   z - +0 chain mail
rPois    .         Spirit   .   c - +0 helmet
rElec    .         Reflect  .   n - +0 cloak
rCorr    .         Harm     .   q - +0 pair of gloves
MR       .....                  t - +1 pair of boots
Stlth    ..........             (no amulet)
HPRegen  0.20/turn              l - ring of wizardry
MPRegen  0.11/turn              y - ring of positive energy

@: very slightly contaminated, slowed, very slow
A: large bone plates 1, powered by pain 2
a: Renounce Religion


You were on level 6 of the Dungeon.
You worshipped Qazlal.
Qazlal was noncommittal.
You were not hungry.

You visited 2 branches of the dungeon, and saw 7 of its levels.

You collected 350 gold pieces.

Inventory:

Hand Weapons
 B - a +3 flail of protection (weapon)
Missiles
 d - 7 throwing nets (quivered)
Armour
 c - a +0 helmet (worn)
 g - a +0 shield
 n - a +0 cloak (worn)
 q - a +0 pair of gloves (worn)
 t - a +1 pair of boots (worn)
 z - a +0 chain mail (worn)
Jewellery
 e - an uncursed ring of flight
 l - a ring of wizardry (left hand)
 y - a ring of positive energy (right hand)
Wands
 k - a wand of disintegration (13)
 s - a wand of iceblast (13)
Scrolls
 r - 2 scrolls of fog
Potions
 b - a potion of might {unknown}
 h - a potion of lignification
 i - a potion of invisibility {unknown}
 j - 2 potions of curing
 m - a potion of degeneration {unknown}
 o - 2 potions of agility
 u - 3 potions of heal wounds
 x - a potion of haste
Comestibles
 f - 12 rations


   Skills:
 + Level 4.8 Fighting
 * Level 9.9 Maces & Flails
 - Level 1.7 Throwing
 - Level 2.6 Dodging


You had 7 spell levels left.
You didn't know any spells.
Your spell library was empty.

Dungeon Overview and Level Annotations

Branches:
Dungeon (6/15)             Temple (1/1) D:5

Altars:
Ashenzari
Cheibriados
Dithmenos
Fedhas
Gozag
Hepliaklqana
Nemelex Xobeh
Okawaru
Qazlal
Ru
Sif Muna
Trog
Uskayaw
Vehumet
Wu Jian
Zin


Innate Abilities, Weirdness & Mutations

You are partially covered in large bone plates. (SH +4)
You sometimes gain power by taking damage.


Message History

The orc priest hits you but does no damage.
You block the orc priest's attack.
The orc hits you with a +2 hand axe of chopping.
* * * LOW HITPOINT WARNING * * *
x2 The phantom blinks!
The orc wizard points at you and mumbles some strange words.
You feel as though you will be slow longer.
The phantom blinks!
The orc wizard hits you but does no damage.
The orc wizard gestures wildly while chanting.
The orc wizard seems to speed up.
The orc wizard mumbles some strange words.
The orc wizard blinks!
The orc priest hits you from afar with a +0 spear.
* * * LOW HITPOINT WARNING * * *
The orc wizard casts a spell.
The orc wizard blinks!
The orc priest calls down the wrath of Beogh upon you.
Beogh smites you!
You die...

#..##........................[)..
#.o##........................)÷..
#................................
#....................##....##..##
#................##..##....##+###
#................##..##.....#....
##'##.......................+..>>
#oo##.........o......##...###..##
...#......§..o.o@.<..##+######'##
...#...........o.##..##..........
#..##.......o....##..##..........
#oo##.......o........#...........
.o..#................##.......#..
o.o.#....W..##..###'####'########
#§###...§...##..###..##...#
#..##...........+.....+...#
................#....##..##


You could see a phantom, 2 orc priests, 3 orc wizards and an orc.

Vanquished Creatures
  Sigmund (D:2)
  A black bear (D:6)
  An ice beast (D:5)
  2 phantoms (D:6)
  5 ogres
  A centaur (D:5)
  A bullfrog (D:6)
  A crimson imp (D:6)
  A hound (D:5)
  4 orc priests
  A gnoll shaman (D:5)
  2 orc wizards (D:4)
  Crazy Yiuf (D:2)
  4 worker ants
  A killer bee zombie (D:6)
  A worker ant zombie (D:5)
  7 gnolls
  6 adders
  2 oozes (D:3)
  4 worms
  3 dart slugs
  3 leopard geckos
  21 orcs
  6 bats
  5 giant cockroaches
  8 goblins
  9 hobgoblins
  6 jackals (D:3)
  2 quokkas
  A frilled lizard (D:2)
  6 kobolds
  A quokka skeleton (D:4)
  8 rats
126 creatures vanquished.

Notes
Turn   | Place    | Note
-------+----------+-------------------------------------------
     0 | D:1      | Holzbalken the Demonspawn Gladiator began the quest for the
                  | Orb.
     0 | D:1      | Reached XP level 1. HP: 16/16 MP: 1/1
    45 | D:1      | Reached skill level 3 in Maces & Flails
   108 | D:1      | Gained mutation: You sometimes gain a little power by
                  | taking damage. [demonic ancestry]
   108 | D:1      | Reached XP level 2. HP: 18/22 MP: 2/2
   386 | D:1      | Found a snail-covered altar of Cheibriados.
   726 | D:2      | Gained mutation: You are partially covered in large bone
                  | plates. (SH +4) [demonic ancestry]
   726 | D:2      | Reached XP level 3. HP: 27/27 MP: 3/3
   770 | D:2      | Reached skill level 4 in Maces & Flails
  1066 | D:2      | Noticed Sigmund
  1093 | D:2      | Killed Sigmund
  1093 | D:2      | Reached skill level 5 in Maces & Flails
  1093 | D:2      | Reached XP level 4. HP: 19/33 MP: 4/4
  1093 | D:2      | Reached XP level 5. HP: 22/38 MP: 5/5
  1285 | D:2      | Found a runed door.
  1289 | D:2      | Noticed Crazy Yiuf
  1299 | D:2      | Killed Crazy Yiuf
  1299 | D:2      | Reached skill level 6 in Maces & Flails
  2006 | D:3      | Reached XP level 6. HP: 44/44 MP: 6/6
  2862 | D:4      | Reached skill level 7 in Maces & Flails
  3076 | D:4      | Found an ornate altar of the Wu Jian Council.
  3159 | D:4      | Reached XP level 7. HP: 33/50 MP: 7/7
  3441 | D:4      | Reached skill level 8 in Maces & Flails
  3848 | D:4      | Got a ripped robe
  4078 | D:5      | Entered Level 5 of the Dungeon
  4080 | D:5      | Identified the +1 robe of Midwinter {MR+} (You found it on
                  | level 4 of the Dungeon)
  4476 | D:5      | Gained mutation: You sometimes gain power by taking damage.
                  | [demonic ancestry]
  4476 | D:5      | Reached XP level 8. HP: 55/58 MP: 8/8
  4734 | D:5      | Reached skill level 9 in Maces & Flails
  4834 | D:5      | Found a staircase to the Ecumenical Temple.
  4845 | Temple   | Entered the Ecumenical Temple
  4903 | Temple   | Became a worshipper of Qazlal Stormbringer
  5463 | D:6      | Killed from afar by an orc priest

Vault maps used:
D:1:      lightli_molten_gateway, chequers_serial_rivers_micro_e,
          cheibriados_altar_1
D:2:      cheibrodos_old_hovel, st_stairs_5, minmay_misc_feat_roman,
          serial_bayou_ford_a, uniq_crazy_yiuf_cottage, uniq_sigmund
D:4:      kennysheep_mini
D:5:      minmay_temple_entry_statues, first_ration
D:6:      grunt_temple_overflow_champion_of_chaos, uniq_duvessa
Temple:   eino_temple_lava

Skill      XL: |  1  2  3  4  5  6  7  8 |
---------------+-------------------------+-----
Maces & Flails | 3 5 6 7 8 9 |  9.9
Fighting       | 3 4 |  4.8
Throwing       | |  1.7
Dodging        | |  2.6

Action                   |  1- 3 |  4- 6 |  7- 9 || total
-------------------------+-------+-------+-------++-------
Melee: Flail             |   123 |   169 |   211 ||   503
  Use: Scroll            |       |     9 |     7 ||    16
 Stab: Sleeping          |     1 |       |       ||     1
  Eat: Chunk             |     1 |     6 |     8 ||    15
Armor: Leather armour    |     1 |       |       ||     1
       Scale mail        |    46 |    65 |    11 ||   122
       Chain mail        |       |       |   104 ||   104
Dodge: Dodged            |    72 |    82 |    66 ||   220
Block: Other             |     6 |    26 |    30 ||    62

Table legend:
 A = Non-vault XP
 B = Vault XP
 C = Vault XP percentage of total XP
 D = Non-vault monster count
 E = Vault monster count
 F = Vault count percentage of total count
                 A         B        C        D         E       F
            +---------+---------+-------+---------+---------+-------
      Total |    2219 |     279 |  11.2 |     121 |       5 |   4.0
            +---------+---------+-------+---------+---------+-------
        D:1 |      29 |       0 |   0.0 |      16 |       0 |   0.0
        D:2 |      62 |     279 |  81.8 |      20 |       5 |  20.0
        D:3 |     248 |       0 |   0.0 |      41 |       0 |   0.0
        D:4 |     570 |       0 |   0.0 |      16 |       0 |   0.0
        D:5 |     678 |       0 |   0.0 |      16 |       0 |   0.0
        D:6 |     632 |       0 |   0.0 |      12 |       0 |   0.0
            +---------+---------+-------+---------+---------+-------
